 Dungeon Crawl Stone Soup version 0.29-a0-1019-g84f7d21838 (webtiles) character file.

Game seed: 9529580382668765914

116 leavemydog the Conjurer (level 4, -4/24 HPs)
             Began as a Deep Elf Conjurer on Aug 10, 2022.
             Killed by nerve-wracking pain
             ... invoked by an orc priest
              (8 damage)
             ... on level 3 of the Dungeon.
             The game lasted 00:02:22 (2533 turns).

leavemydog the Conjurer (Deep Elf Conjurer)         Turns: 2533, Time: 00:02:22

Health: -4/24      AC:  5    Str:  4    XL:     4   Next: 70%
Magic:  4/12       EV: 12    Int: 25    God:
Gold:   67         SH:  0    Dex: 13    Spells: 4/11 levels left

rFire   . . .      SeeInvis .   (no weapon)
rCold   . . .      Faith    .   (no shield)
rNeg    . . .      Spirit   .   a - +0 robe
rPois   .          Reflect  .   (no helmet)
rElec   .          Harm     .   l - +1 cloak
rCorr   .          Rampage  .   n - +0 pair of gloves
Will    .....                   (no boots)
Stlth   ++........              (no amulet)
HPRegen 0.08/turn               (no ring)
MPRegen 0.13/turn               (no ring)

@: no status effects
A: no striking features
a: no special abilities


You were on level 3 of the Dungeon.
You visited 1 branch of the dungeon, and saw 3 of its levels.

You collected 67 gold pieces.

Inventory:

Armour
 a - a +0 robe (worn)
 l - a +1 cloak (worn)
 n - a +0 pair of gloves (worn)
Scrolls
 d - a scroll of immolation {unknown}
 e - 2 scrolls of poison
 f - a scroll of torment {unknown}
 i - a scroll of vulnerability {unknown}
 j - 2 scrolls of summoning
 k - a scroll of teleportation {unknown}
 o - a scroll of amnesia {unknown}
Potions
 b - a potion of magic
 c - 2 potions of brilliance
 g - a potion of resistance {unknown}
 h - 2 potions of curing
 m - 2 potions of might


   Skills:
 - Level 2.4 Dodging
 - Level 2.4 Stealth
 + Level 4.2 Spellcasting
 + Level 6.1 Conjurations
 * Level 0.5 Translocations


You had 4 spell levels left.
You knew the following spells:

 Your Spells              Type           Power      Damage    Failure   Level
a - Magic Dart            Conj           100%       1d8       1%          1
b - Searing Ray           Conj           72%        2d7       1%          2
c - Iskenderun's Mystic   Conj/Tloc      22%        2d6       22%         4

Your spell library contained the following spells:

 Spells                   Type           Power      Damage    Failure   Level
 Dazzling Flash           Conj/Hex       40%        N/A       8%          3
 Gell's Gravitas          Tloc           8%         N/A       22%         3
 Lesser Beckoning         Tloc           8%         N/A       22%         3
 Teleport Other           Tloc           8%         N/A       22%         3
 Fulminant Prism          Conj/Hex       10%        3d9       26%         4


Dungeon Overview and Level Annotations

Branches:
Dungeon (3/15)

Altars:
Ashenzari


Message History

Casting: Magic Dart (safe; 1% risk of failure)
Confirm with . or Enter, or press ? or * to list all spells.
Aiming: Searing Ray (safe; 1% risk of failure)
Press: ? - help, Shift-Dir - straight line, f - orc priest
Aim: an orc priest, wielding a +2 mace of protection and wearing a +0 leather armour (81% to hit)
The searing ray hits the orc priest.
The orc priest is moderately wounded.
The searing ray hits the orc priest but does no damage. (Press . to maintain the ray.)
The orc priest barely misses you.
The searing ray misses the orc priest.
The searing ray hits the orc priest.
The orc priest is heavily wounded.
The orc priest hits you but does no damage.
Casting: Searing Ray (safe; 1% risk of failure)
Confirm with . or Enter, or press ? or * to list all spells.
Restarting spell: Searing Ray (safe; 1% risk of failure)
Press: ? - help, Shift-Dir - straight line, p - orc priest The searing ray hits the orc priest.
The orc priest is heavily wounded.
The searing ray misses the orc priest. (Press . to maintain the ray.)
The searing ray hits the orc priest.
The orc priest is heavily wounded.
The orc priest calls upon Beogh to heal the orc priest.
The orc priest is healed somewhat.
The orc priest hits you with a +2 mace of protection!
The searing ray hits the orc priest.
The orc priest is heavily wounded.
The orc priest barely misses you.
The orc priest looks braver for a moment.
The searing ray hits the orc priest.
The orc priest is heavily wounded.
You finish channelling your searing ray.
The orc priest invokes the aid of Beogh against you.
Beogh smites you!
Ouch! That really hurt!
* * * LOW HITPOINT WARNING * * *
The orc priest mumbles some strange prayers to Beogh against you.
Pain shoots through your body!
You die...

..............#......
........................
....##.###..###.........
.......# ##..##.#......#
.......###...#........#
...###.................
..# ###............#
###..........#...
.....##..o@..[....
......##...o...#...
.......##...........
.....o..............
.......###......####
......)# #....(... .
....###### ####..


You could see 2 orc priests.

Vanquished Creatures
  A gnoll (D:1)
  5 adders
  A dart slug (D:3)
  3 worms (D:2)
  An orc (D:3)
  3 ball pythons
  4 bats
  2 endoplasms (D:1)
  3 giant cockroaches (D:1)
  3 goblins
  8 hobgoblins
  4 kobolds
  4 quokkas
  A frilled lizard (D:2)
  8 rats
51 creatures vanquished.

Notes
Turn   | Place    | Note
-------+----------+-------------------------------------------
     0 | D:1      | leavemydog the Deep Elf Conjurer began the quest for the
                  | Orb.
     0 | D:1      | Reached XP level 1. HP: 10/10 MP: 6/6
   210 | D:1      | Reached XP level 2. HP: 15/15 MP: 6/8
   213 | D:1      | Learned a level 2 spell: Searing Ray
   345 | D:1      | Reached skill level 5 in Conjurations
   707 | D:1      | Reached XP level 3. HP: 19/19 MP: 6/9
  1400 | D:2      | Found a broken altar of Ashenzari.
  1557 | D:2      | Reached XP level 4. HP: 24/24 MP: 2/11
  1670 | D:2      | Learned a level 4 spell: Iskenderun's Mystic Blast
  1754 | D:2      | Reached skill level 6 in Conjurations
  1927 | D:2      | Found a faded altar of an unknown god.
  2533 | D:3      | Killed from afar by an orc priest

Illustrated notes

Levels and vault maps discovered:
D:1:      sevenhm_arrival_forest_fort_large_4, layout_loops_cross
D:2:      layout_rooms, nicolae_ecumenical_oubliette, basic_altar,
          small_statue_intersection
D:3:      layout_rooms, mainiacjoe_overflow_alcove_4, palyth_stone_intersect

Skill      XL: |  1  2  3  4 |
---------------+-------------+-----
Conjurations   | 5 6 |  6.1
Spellcasting   | 4 |  4.2
Dodging        | |  2.4
Stealth        | |  2.4
Translocations | |  0.5

Action                   |  1- 3 |  4- 6 || total
-------------------------+-------+-------++-------
 Cast: Magic Dart        |    70 |    34 ||   104
       Searing Ray       |       |     2 ||     2
  Use: Scroll            |     2 |     3 ||     5
Armor: Robe              |       |     1 ||     1
Dodge: Dodged            |     3 |     3 ||     6

Table legend: (Time is in decaauts)
 A = Elapsed time spent in this place.
 B = Non-inter-level travel time spent in this place.
 C = Inter-level travel time spent in this place.
 D = Time resting spent in this place.
 E = Time spent auto-exploring this place.
 F = Levels seen in this place.
 G = Mean time per level.
                   A        B        C        D        E       F      G
               +--------+--------+--------+--------+--------+-----+--------+
         Total |   2533 |   2474 |     59 |    714 |   1533 |   3 |  844.3 |
       Dungeon |   2533 |   2474 |     59 |    714 |   1533 |   3 |  844.3 |
               +--------+--------+--------+--------+--------+-----+--------+

Top non-repeatable levels by time:
     D:1: 1400 daAuts
     D:2: 1021 daAuts
     D:3: 112 daAuts
